 Dungeon Crawl Stone Soup version 0.29-a0-994-gc5c9f59d18 (webtiles) character file.

Game seed: 3685941828731346941

21 IdlyInterested the Ducker (level 2, -2/20 HPs)
             Began as a Demonspawn Wanderer on Aug 3, 2022.
             Killed from afar by Natasha (7 damage)
             ... with a magic dart
             ... on level 2 of the Dungeon.
             The game lasted 00:03:49 (1793 turns).

IdlyInterested the Ducker (Demonspawn Wanderer)     Turns: 1793, Time: 00:03:49

Health: -2/20      AC:  4    Str:  7 (8)  XL:     2   Next: 62%
Magic:  5/5        EV: 12    Int: 11 (14) God:
Gold:   80         SH:  5    Dex: 12 (15) Spells: 5/5 levels left

rFire   . . .      SeeInvis .   j - +0 short sword
rCold   . . .      Faith    .   (no shield)
rNeg    . . .      Spirit   .   c - +0 robe
rPois   .          Reflect  +   d - +0 helmet
rElec   .          Harm     .   (no cloak)
rCorr   .          Rampage  .   m - +0 pair of gloves
Will    .....                   (no boots)
Stlth   ++........              h - amulet of reflection
HPRegen 0.06/turn               (no ring)
MPRegen 0.09/turn               (no ring)

@: hasted, very quick
A: demonic guardian 1
a: no special abilities


You were on level 2 of the Dungeon.
You visited 1 branch of the dungeon, and saw 2 of its levels.

You collected 80 gold pieces.

Inventory:

Hand Weapons
 a - a +0 dagger
 j - a +0 short sword (weapon)
Armour
 c - a +0 robe (worn)
 d - a +0 helmet (worn)
 m - a +0 pair of gloves (worn)
Jewellery
 h - an amulet of reflection (around neck)
Scrolls
 b - a scroll of fear
 e - a scroll of noise
 l - a scroll of immolation {unknown}
 n - a scroll of fog {unknown}
 o - a scroll of vulnerability {unknown}
Potions
 f - a potion of attraction


   Skills:
 + Level 0.9 Fighting
 * Level 3.2 Dodging
 + Level 1.5 Stealth
 - Level 2.0 Spellcasting
 - Level 2.0 Conjurations
 - Level 2.1 Necromancy


You had 5 spell levels left.
You didn't know any spells.
Your spell library contained the following spells:

 Spells                   Type           Power      Damage    Failure   Level
 Necrotise                Necr           20%        1d5       12%         1
 Magic Dart               Conj           20%        1d4       13%         1
 Stone Arrow              Conj/Erth      6%         3d7       50%         3
 Summon Guardian Golem    Hex/Summ       1%         N/A       65%         3
 Animate Dead             Necr           5%         N/A       75%         4
 Corpse Rot               Necr/Pois/Air  2%         N/A       91%         4
 Orb of Destruction       Conj           2%         9d5       100%        7
 Spellforged Servitor     Conj/Summ      1%         N/A       100%        7
 Chain Lightning          Conj/Air       1%         3d2       100%        9
 Fire Storm               Conj/Fire      1%         8d1       100%        9
 Shatter                  Erth           0%         3d5*      100%        9


Dungeon Overview and Level Annotations

Branches:
Dungeon (2/15)

Altars:

Annotations:
D:2 Natasha


Innate Abilities, Weirdness & Mutations

A weak demonic guardian rushes to your aid.


Message History

You closely miss Natasha.
Natasha is heavily wounded.
Natasha stares at you and mumbles some strange words.
The magic dart hits you.
* * * LOW HITPOINT WARNING * * *
The iron imp barely misses you.
You closely miss Natasha.
Natasha is heavily wounded.
Natasha howls an incantation.
Natasha's front paws start to glow.
You block Natasha's attack.
The crimson imp blinks!
It was a potion of haste.
You feel yourself speed up. Natasha claws you but does no damage.
The iron imp closely misses you.
It was a potion of degeneration.
There was something very wrong with that liquid.
You feel weakened.
You feel dopey.
You feel clumsy.
Natasha mumbles some strange words.
The crimson imp spits at you. The iron imp misses you.
You hit Natasha but do no damage.
Natasha is heavily wounded.
The iron imp disappears in a puff of smoke!
Natasha misses you. The crimson imp closely misses you.
Unknown command.
You barely miss Natasha.
Natasha is heavily wounded.
You barely miss Natasha.
Natasha is heavily wounded.
Natasha casts a spell.
The crimson imp closely misses you. The shadow imp barely misses you.
Unknown command.
You hit Natasha.
Natasha is severely wounded.
You block Natasha's attack.
The crimson imp blinks!
You closely miss Natasha.
Natasha is severely wounded.
The shadow imp closely misses you. x2
Natasha stares at you and mumbles some strange words.
The magic dart hits you!
You die...

#.#....# ..#....####
#.........#### ###....... ...
.....#.###.> ##.....5...# ##
#####.5h5..###.# #. ...
#.....§@)..>...#.#..#... ....
...............#........
.....########)##.#.<....#.....
............<.................
.##.....÷......#..........
#.......................
#######.##....##.##.....
#.###...#..##.....
#.###.....###.....


You could see Natasha, a crimson imp (summoned) and 2 shadow imps.

Vanquished Creatures
  A dart slug (D:1)
  2 bats
  A giant cockroach (D:1)
  A goblin (D:2)
  A hobgoblin (D:1)
  2 jackals (D:1)
  3 kobolds (D:1)
  A quokka (D:1)
  2 ball pythons
  2 frilled lizards (D:1)
  2 rats (D:2)
18 creatures vanquished.

Notes
Turn   | Place    | Note
-------+----------+-------------------------------------------
     0 | D:1      | IdlyInterested the Demonspawn Wanderer began the quest for
                  | the Orb.
     0 | D:1      | IdlyInterested set off with the following items: a +0
                  | dagger, a scroll of fear, a +0 robe, a +0 helmet; and the
                  | following spells available to memorise: Necrotise, Magic
                  | Dart, Stone Arrow, Animate Dead, Corpse Rot.
     0 | D:1      | Reached XP level 1. HP: 13/13 MP: 3/3
   600 | D:1      | Reached skill level 3 in Dodging
   600 | D:1      | Gained mutation: A weak demonic guardian rushes to your
                  | aid. [demonic ancestry]
   600 | D:1      | Reached XP level 2. HP: 20/20 MP: 5/5
  1556 | D:2      | Noticed Natasha
  1779 | D:2      | Noticed a crimson imp
  1793 | D:2      | Killed from afar by Natasha

Illustrated notes

Levels and vault maps discovered:
D:1:      lemuel_arrival_tunnels, layout_basic
D:2:      layout_rooms, shapermc_ecumenical_altar_pompeii, uniq_natasha,
          uniq_terence

Skill      XL: |  1 |
---------------+----+-----
Dodging        | 3 |  3.2
Fighting       | |  0.9
Stealth        | |  1.5
Spellcasting   | |  2.0
Conjurations   | |  2.0
Necromancy     | |  2.1

Action                   || total
-------------------------++-------
Melee: Dagger            ||    56
       Short sword       ||    60
       Punch             ||     1
  Use: Scroll            ||     2
       Potion            ||     2
Armor: Robe              ||    33
Dodge: Dodged            ||    83
Block: Other             ||    11

Table legend: (Time is in decaauts)
 A = Elapsed time spent in this place.
 B = Non-inter-level travel time spent in this place.
 C = Inter-level travel time spent in this place.
 D = Time resting spent in this place.
 E = Time spent auto-exploring this place.
 F = Levels seen in this place.
 G = Mean time per level.
                   A        B        C        D        E       F      G
               +--------+--------+--------+--------+--------+-----+--------+
         Total |   1797 |   1643 |    154 |    725 |    563 |   2 |  898.5 |
       Dungeon |   1797 |   1643 |    154 |    725 |    563 |   2 |  898.5 |
               +--------+--------+--------+--------+--------+-----+--------+

Top non-repeatable levels by time:
     D:1: 1681 daAuts
     D:2: 115 daAuts
